Map: Синее смещение РВ

Players

ELESTRAGO - Winner!

  • Race: Terran Terran
  • League: Master
  • Spawn Location: 7:00

Nolimit

  • Race: Zerg Zerg
  • League: Grandmaster
  • Spawn Location: 1:00

VOD

Have the link to the VOD?

Description

Time

  • Played on: Jan. 2, 2019, 11:26 a.m.
  • Length: 8:54
Show
View Real Time Build Order
Export as new Build Order

ELESTRAGO Terran - Winner!

Build Orders: Hellion Banshee, Mech 

Get SALT Encoding   

  12  0:01  SCV  
  13  0:13  SCV  
  14  0:18  Supply Depot  
  14  0:25  SCV  
  15  0:39  SCV  
  15  0:40  Barracks  
  16  0:45  Refinery  
  16  0:51  SCV  
  17  1:03  SCV  
  18  1:15  SCV  
  19  1:28  Orbital Command  
  19  1:29  Marine  
  20  1:41  Command Center  
  20  1:52  Factory  
  20  1:58  SCV  
  21  2:05  Barracks Reactor  
  21  2:06  Supply Depot  
  21  2:10  SCV  
  22  2:22  Refinery  
  22  2:23  SCV  
  23  2:35  SCV  
  24  2:42  Starport  
  26  2:44  Hellion  
  26  2:45  Hellion  
  26  2:48  SCV  
  29  2:51  Marine  
  29  2:56  Orbital Command  
  30  3:00  SCV  
  31  3:06  Hellion  
  31  3:10  Marine, Hellion  
  31  3:12  SCV  
  37  3:19  Medivac  
  39  3:27  Armory  
  39  3:28  SCV  
  39  3:29  SCV  
  41  3:35  Marine  
  41  3:39  Hellion x2  
  46  3:51  Starport Tech Lab  
  46  3:52  Supply Depot  
  46  4:06  Supply Depot  
  46  4:14  SCV x2, Hellion x2  
  52  4:18  Cloaking Field  
  52  4:22  Supply Depot  
  52  4:28  Banshee  
  52  4:30  SCV  
  56  4:35  SCV  
  56  4:36  Hellion x2  
  61  4:44  SCV  
  62  4:52  Supply Depot  
  60  4:54  Supply Depot  
  60  4:55  SCV  
  55  5:10  SCV  
  55  5:13  Banshee, Hellion x2  
  63  5:16  SCV  
  59  5:35  SCV x2  
  57  5:36  Command Center  
  57  5:38  Barracks Tech Lab  
  53  5:42  Factory Reactor  
  53  5:45  Barracks  
  53  5:47  SCV x2  
  53  5:48  Barracks  
  55  5:56  Engineering Bay x2  
  55  5:59  SCV x2  
  57  6:18  SCV  
  57  6:19  SCV  
  57  6:23  Marine  
  57  6:24  Stimpack  
  57  6:25  Refinery, Terran Infantry Weapons Level 1  
  60  6:26  Refinery  
  60  6:27  Terran Infantry Armor Level 1  
  60  6:30  SCV  
  60  6:31  SCV, Starport Reactor  
  62  6:33  Barracks  
  62  6:34  Barracks  
  62  6:40  Marine  
  62  6:43  SCV  
  62  6:54  Marine x2, Siege Tank  
  66  6:56  Orbital Command  
  66  6:57  SCV  
  66  7:01  SCV  
  63  7:04  Marine x2  
  63  7:06  Marine  
  63  7:08  Medivac x2  
  68  7:21  Marine x2  
  68  7:22  Barracks Reactor x2  
  70  7:23  SCV x2  
  70  7:25  Orbital Command  
  70  7:26  Factory  
  70  7:28  Siege Tank  
  70  7:29  Marine x3  
  78  7:35  SCV x2  
  80  7:38  Medivac x2  
  80  7:39  Marine  
  85  7:46  Marine  
  85  7:47  Marine x2  
  85  7:50  Factory, SCV x2  
  85  7:51  SCV  
  91  7:56  Marine  
  91  7:57  Marine  
  91  7:58  Marine  
  94  8:00  Marine x2  
  94  8:02  SCV x2  
  94  8:03  Marine, SCV  
  94  8:04  Supply Depot, Marine  
  94  8:05  Supply Depot  
  101  8:06  Supply Depot  
  101  8:21  Factory Reactor  
  101  8:26  Marine x5, SCV x3, Widow Mine  
  111  8:32  Marine x4  
  115  8:38  SCV  
Show
View Real Time Build Order
Export as new Build Order

Nolimit Zerg 

Build Orders: Hatch First 

Get SALT Encoding   

  12  0:00  Drone  
  13  0:12  Overlord  
  13  0:16  Drone  
  14  0:31  Drone x2  
  16  0:49  Hatchery  
  15  0:52  Drone  
  15  0:55  Drone  
  17  0:59  Drone  
  18  1:09  Extractor  
  17  1:14  Spawning Pool  
  17  1:18  Drone  
  17  1:20  Drone  
  18  1:28  Drone  
  19  1:39  Drone  
  20  1:50  Overlord  
  20  2:03  Queen x2  
  20  2:04  Drone x2  
  26  2:14  Drone x2  
  28  2:17  Metabolic Boost  
  28  2:24  Drone  
  28  2:25  Drone  
  30  2:36  Drone x2  
  32  2:38  Hatchery  
  31  2:46  Overlord  
  31  2:50  Queen  
  33  2:53  Drone  
  33  2:54  Drone  
  35  3:03  Drone  
  36  3:07  Spine Crawler  
  36  3:09  Drone x2  
  36  3:12  Drone x3  
  40  3:16  Overlord  
  40  3:26  Zergling x2  
  42  3:27  Zergling x2  
  42  3:31  Queen  
  42  3:33  Queen  
  46  3:36  Overlord  
  46  3:37  Drone  
  46  3:39  Drone  
  48  3:45  Baneling Nest, Drone x3  
  50  3:50  Queen  
  50  3:51  Overlord  
  50  3:53  Zergling x2  
  53  3:55  Zergling x2  
  53  4:00  Overlord  
  53  4:01  Zergling x2  
  53  4:02  Zergling x2  
  56  4:04  Drone x2  
  58  4:14  Overlord  
  58  4:18  Queen  
  58  4:19  Queen  
  58  4:21  Extractor  
  58  4:22  Extractor  
  58  4:23  Drone x2  
  58  4:24  Drone  
  63  4:32  Spore Crawler  
  61  4:44  Baneling x5  
  48  5:00  Zergling x26  
  48  5:02  Queen  
  57  5:12  Zergling x10  
  44  5:31  Drone  
  44  5:32  Drone x4  
  44  5:35  Drone  
  50  5:41  Lair, Spore Crawler  
  48  5:49  Spore Crawler  
  47  5:55  Spore Crawler  
  46  6:02  Drone x8  
  49  6:13  Queen x2  
  49  6:14  Drone  
  54  6:20  Spore Crawler  
  54  6:24  Drone x4  
  57  6:42  Baneling x9  
  57  6:53  Drone x9  
  65  7:05  Queen  
  65  7:08  Centrifical Hooks  
  66  7:10  Evolution Chamber, Drone x3  
  66  7:11  Evolution Chamber  
  67  7:16  Overseer  
  67  7:18  Extractor  
  67  7:20  Extractor  
  67  7:21  Drone x3  
  67  7:22  Queen  
  68  7:23  Queen  
  68  7:27  Drone x2  
  74  7:49  Hydralisk Den, Queen  
  74  7:50  Extractor  
  74  7:51  Drone x2  
  74  7:52  Drone  
  74  7:53  Drone x4  
  74  7:56  Overlord x2  
  74  7:57  Overlord  
  74  7:58  Overlord  
  81  8:01  Overseer  
  81  8:14  Queen  
  83  8:23  Hydralisk x5  
  83  8:24  Hydralisk  
  83  8:25  Zergling x2  
  96  8:32  Hatchery  
  99  8:36  Zergling x8  
  99  8:37  Zergling x2  
Tags
 
Add a new tag
Caveats
  • Supply blocks, unpowered buildings, or Contaminate may cause inaccurate times.
  • Supply counts are checked every 10 seconds.